 Dungeon Crawl Stone Soup version 0.32-a0-42-ga30500b4d3 (webtiles) character file.

Game seed: 7564110247354715234

317 lunkers the Magician (level 6, -7/40 HPs)
             Began as a Djinni Ice Elementalist on Jan 30, 2024.
             Mangled by Menkaure (22 damage)
             ... on level 4 of the Dungeon.
             The game lasted 00:03:21 (2410 turns).

lunkers the Magician (Djinni Ice Elementalist)      Turns: 2410, Time: 00:03:21

Health: -7/40      AC:  2    Str:  7    XL:     6   Next: 74%
Gold:   107        EV: 12    Int: 18    God:
                   SH:  0    Dex: 14

rFire   + + .        e - +2 dagger (venom)
rCold   x . .        (no shield)
rNeg    . . .        a - +0 robe
rPois   ∞            (no helmet)
rElec   .            (no cloak)
rCorr   .            (no gloves)
SInv    .            (boots unavailable)
Will    .....        (no amulet)
Stlth   ++           (no ring)
HPRegen 0.26/turn    (no ring)
MPRegen 0.00/turn

%: infuse magic (-8 HP)
@: flying
A: sickness immunity, fire resistance 2, cold vulnerability 1, float, innate
caster, HP casting, extra vitality 1
a: no special abilities


You were on level 4 of the Dungeon.
You visited 1 branch of the dungeon, and saw 4 of its levels.

You collected 107 gold pieces.

Inventory:

Hand Weapons
 e - a +2 dagger of venom (weapon)
Armour
 a - a +0 robe (worn)
Magical Staves
 d - a staff of death
Scrolls
 b - a scroll of silence {unknown}
 c - a scroll of enchant weapon {unknown}
 f - a scroll of poison {unknown}
 g - 2 scrolls of identify {unknown}
 h - 3 scrolls of amnesia {unknown}
 k - 2 scrolls of teleportation {unknown}
Potions
 i - a potion of attraction {unknown}
 j - a potion of curing {unknown}
 l - a potion of degeneration {unknown}


   Skills:
 - Level 2.1 Dodging
 - Level 1.5 Stealth
 + Level 6.1 Spellcasting
 + Level 6.1 Conjurations
 + Level 6.1 Hexes
   Level 0.0 Charms
 + Level 6.1 Summonings
 + Level 6.1 Necromancy
 + Level 6.1 Translocations
   Level 0.0 Transmutations
 + Level 6.1 Fire Magic
 + Level 6.1 Ice Magic
 + Level 6.1 Air Magic
 + Level 6.1 Earth Magic
 + Level 6.1 Alchemy


You knew the following spells:

 Your Spells              Type           Power      Damage    Failure   Level
a - Freeze                Ice            100%       1d10      1%          1
b - Frozen Ramparts       Ice            54%        1d9       2%          3
c - Ozocubu's Armour      Ice            27%        N/A       2%          3
d - Summon Ice Beast      Ice/Summ       27%        N/A       2%          3
e - Slow                  Hex            100%       N/A       1%          1
f - Ensorcelled Hibernat  Hex/Ice        54%        N/A       1%          2
Your spell library was empty.

Dungeon Overview and Level Annotations

Branches:
Dungeon (4/15)
 Temple: D:4-7

Altars:
Elyvilon

Annotations:
D:4 Menkaure


Innate Abilities, Weirdness & Mutations

You are immune to sickness and miasma.
You are immune to poison.
Your flesh is very heat resistant. (rF++)
You are vulnerable to cold. (rC-)
You float through the air rather than walking.
You learn spells naturally, not from books.
Your magical power is your life essence.
You have superior vitality. (+4 MHP)


Message History

You freeze the hobgoblin.
You kill the hobgoblin!
The hobgoblin misses you.
Unknown command.
The hobgoblin attacks as it pursues you!
The hobgoblin misses you.
You see here a hobgoblin corpse.
The hobgoblin attacks as it pursues you!
The hobgoblin hits you but does no damage.
The hobgoblin attacks as it pursues you!
The hobgoblin hits you.
Casting: Freeze (safe; 1% risk of failure)
Confirm with . or Enter, or press ? or * to list all spells.
You freeze the hobgoblin!
You kill the hobgoblin!
No target in view!
No target in view!
You see here a hobgoblin corpse.
You see here a hobgoblin corpse.
You see here a +0 rapier.
h - 3 scrolls labelled ERHEPTOXAK (gained 1) Menkaure is nearby!
Found a book of Spectacle.
An adder comes into view.
Menkaure shouts!
You hear a shout!
Menkaure mumbles some strange words.
Menkaure seems to speed up.
A goblin comes into view. It is wielding a +0 club.
The goblin shouts!
A hobgoblin comes into view.
Casting: Freeze (safe; 1% risk of failure)
Confirm with . or Enter, or press ? or * to list all spells.
You freeze the adder!
You kill the adder!
Menkaure hits you!!
Ouch! That really hurt!
* * * LOW HITPOINT WARNING * * *
Menkaure hits you!!
Ouch! That really hurt!
You die...

##### #.##............
...... #.##)...........
......###.##........####
...........#..........
..................####
............#####...
............# ###
............#
.......@....#
........M...#
.#####......# .......:#
###..g...# .........
##....g#### .......


You could see Menkaure (fast), a hobgoblin and a goblin.

Vanquished Creatures
  A bombardier beetle (D:3)
  An orc priest (D:3)
  An orc wizard (D:3)
  4 gnolls (D:3)
  9 adders
  A ribbon worm (D:2)
  3 dart slugs
  5 orcs
  3 bats
  5 endoplasms
  12 giant cockroaches (D:2)
  11 goblins
  11 hobgoblins
  3 jackals (D:3)
  9 kobolds
  2 quokkas (D:1)
  8 ball pythons
  2 frilled lizards (D:3)
  4 rats (D:1)
95 creatures vanquished.

Notes
Turn   | Place    | Note
-------+----------+-------------------------------------------
     0 | D:1      | lunkers the Djinni Ice Elementalist began the quest for the
                  | Orb.
     0 | D:1      | lunkers set off with the following spells memorised:
                  | Freeze, Frozen Ramparts, Ozocubu's Armour, Summon Ice
                  | Beast.
     0 | D:1      | Reached XP level 1. HP: 15/15 MP: 0/0
   115 | D:1      | Reached XP level 2. HP: 20/21 MP: 0/0
   324 | D:1      | Reached XP level 3. HP: 25/25 MP: 0/0
   324 | D:1      | Learned a level 1 spell: Slow
   951 | D:2      | Found a faded altar of an unknown god.
   955 | D:2      | Reached XP level 4. HP: 27/31 MP: 0/0
  1283 | D:2      | Reached XP level 5. HP: 32/35 MP: 0/0
  1283 | D:2      | Learned a level 2 spell: Ensorcelled Hibernation
  1294 | D:2      | Reached skill level 5 in Spellcasting
  1294 | D:2      | Reached skill level 5 in Conjurations
  1294 | D:2      | Reached skill level 5 in Hexes
  1294 | D:2      | Reached skill level 5 in Summonings
  1294 | D:2      | Reached skill level 5 in Necromancy
  1294 | D:2      | Reached skill level 5 in Translocations
  1294 | D:2      | Reached skill level 5 in Fire Magic
  1294 | D:2      | Reached skill level 5 in Ice Magic
  1294 | D:2      | Reached skill level 5 in Air Magic
  1294 | D:2      | Reached skill level 5 in Earth Magic
  1294 | D:2      | Reached skill level 5 in Alchemy
  1730 | D:3      | Found a white marble altar of Elyvilon.
  1886 | D:3      | Reached XP level 6. HP: 33/40 MP: 0/0
  2338 | D:4      | Noticed Menkaure
  2410 | D:4      | Mangled by Menkaure

Illustrated notes

Levels and vault maps discovered:
D:1:      minmay_arrival_diagonal_passages, layout_basic, hex_medium,
          nrook_campfire
D:2:      minmay_roachtagon, layout_basic, nicolae_ecumenical_snake_handling
D:3:      layout_basic, mainiacjoe_overflow_catwalk
D:4:      layout_basic, serial_co_window_serial, co_window_of_opportunity_a,
          co_window_corner_a, co_window_corner_a, co_window_paths_a,
          co_window_corner_a, co_window_corner_b, co_window_broadway_c,
          co_window_2corner, ebering_ghost_reflecting_pool, minmay_small_thing,
          uniq_menkaure, uniq_robin

Skill      XL: |  1  2  3  4  5  6 |
---------------+-------------------+-----
Spellcasting   | 4 5 6 |  6.1
Conjurations   | 4 5 6 |  6.1
Hexes          | 4 5 6 |  6.1
Summonings     | 4 5 6 |  6.1
Necromancy     | 4 5 6 |  6.1
Translocations | 4 5 6 |  6.1
Fire Magic     | 4 5 6 |  6.1
Ice Magic      | 4 5 6 |  6.1
Air Magic      | 4 5 6 |  6.1
Earth Magic    | 4 5 6 |  6.1
Alchemy        | 4 5 6 |  6.1
Dodging        | |  2.1
Stealth        | |  1.5

Action                     |  1- 3 |  4- 6 || total
---------------------------+-------+-------++-------
  Melee: Dagger            |       |    41 ||    41
   Cast: Freeze            |    46 |    68 ||   114
         Frozen Ramparts   |       |     3 ||     3
 Armour: Robe              |    19 |    49 ||    68
  Dodge: Dodged            |    24 |    54 ||    78

Table legend: (Time is in decaauts)
 A = Elapsed time spent in this place.
 B = Non-inter-level travel time spent in this place.
 C = Inter-level travel time spent in this place.
 D = Time resting spent in this place.
 E = Time spent auto-exploring this place.
 F = Levels seen in this place.
 G = Mean time per level.
                   A        B        C        D        E       F      G
               +--------+--------+--------+--------+--------+-----+--------+
         Total |   2408 |   2372 |     36 |      0 |   1901 |   4 |  602.0 |
       Dungeon |   2408 |   2372 |     36 |      0 |   1901 |   4 |  602.0 |
               +--------+--------+--------+--------+--------+-----+--------+

Top non-repeatable levels by time:
     D:1: 885 daAuts
     D:2: 772 daAuts
     D:3: 654 daAuts
     D:4: 95 daAuts
